 Dungeon Crawl Stone Soup version 0.28.0 (webtiles) character file.

Game seed: 8293350707470965677

93 Jase the Sneak (level 4, -1/24 HPs)
             Began as a Kobold Enchanter on Feb 10, 2022.
             Was a Follower of Fedhas.
             Slain by Natasha (8 damage)
             ... on level 2 of the Dungeon.
             The game lasted 00:04:32 (2024 turns).

Jase the Sneak (Kobold Enchanter)                   Turns: 2024, Time: 00:04:32

Health: -1/24      AC:  3    Str: 11    XL:     4   Next: 91%
Magic:  7/7        EV: 15    Int: 18    God:    Fedhas [*.....]
Gold:   51         SH:  0    Dex: 15    Spells: 7/7 levels left

rFire   . . .      SeeInvis .   a - +3 short sword
rCold   . . .      Faith    .   (no shield)
rNeg    . . .      Spirit   .   b - +0 robe
rPois   .          Reflect  .   (no helmet)
rElec   .          Harm     .   (no cloak)
rCorr   .          Rampage  .   k - +0 pair of gloves
Will    .....                   (no boots)
Stlth   ++++......              (no amulet)
HPRegen 0.08/turn               d - +6 ring of strength
MPRegen 0.10/turn               (no ring)

@: no status effects
A: small, no large weapons, nightstalker 3
a: Renounce Religion


You were on level 2 of the Dungeon.
You worshipped Fedhas.
Fedhas was aware of your devotion.
You visited 1 branch of the dungeon, and saw 2 of its levels.

You collected 51 gold pieces.

Inventory:

Hand Weapons
 a - a +3 short sword (weapon)
Missiles
 l - 52 stones
 n - 3 atropa-tipped darts (quivered)
Armour
 b - a +0 robe (worn)
 k - a +0 pair of gloves (worn)
Jewellery
 d - a +6 ring of strength (left hand)
 e - a ring of ice
Scrolls
 f - a scroll of magic mapping {unknown}
 g - a scroll of vulnerability {unknown}
 h - 3 scrolls of teleportation {unknown}
 i - a scroll of blinking {unknown}
 m - a scroll of enchant weapon {unknown}
 p - a scroll of fog {unknown}
Potions
 c - a potion of invisibility
 j - 2 potions of lignification {unknown}
 o - 2 potions of attraction {unknown}


   Skills:
 + Level 3.8 Short Blades
 - Level 2.4 Dodging
 + Level 5.6 Stealth
 - Level 2.1 Spellcasting
 - Level 3.0 Hexes
 + Level 1.6 Invocations


You had 7 spell levels left.
You didn't know any spells.
Your spell library contained the following spells:

 Spells                   Type           Power      Damage    Failure   Level
 Ensorcelled Hibernation  Hex/Ice        14%        N/A       14%         2
 Confusing Touch          Hex            12%        N/A       16%         3
 Tukima's Dance           Hex            12%        N/A       16%         3
 Dazzling Flash           Conj/Hex       14%        N/A       28%         3


Dungeon Overview and Level Annotations

Branches:
Dungeon (2/15)

Altars:
Fedhas

Shops:
D:1 [

Annotations:
D:2 Natasha


Innate Abilities, Weirdness & Mutations

You are small and have problems with some larger weapons.
You are completely attuned to the shadows.


Message History

You now have 51 gold pieces (gained 9).
You open the door.
There is a stone staircase leading down here.
There is an open door here.
There is an open door here.
An endoplasm comes into view.
Natasha, Servant of Life and Death comes into view.
She is carrying a wand of flame (30).
Natasha moves out of view.
The helpless endoplasm fails to defend itself.
You impale the endoplasm!!
You kill the endoplasm!
Fedhas accepts your kill.
j - 2 bubbling black potions (gained 1)
You closely miss Natasha.
Natasha hisses angrily.
Natasha stares at you and mumbles some strange words.
The magic dart hits you.
You hit Natasha.
Natasha is lightly wounded.
Natasha claws you!
You hit Natasha but do no damage.
Natasha is lightly wounded.
You hit Natasha but do no damage.
Natasha is lightly wounded.
Natasha barely misses you.
You hit Natasha.
Natasha is lightly wounded.
Natasha misses you.
You puncture Natasha!
Natasha is severely wounded.
Natasha claws you!
* * * LOW HITPOINT WARNING * * *
You completely miss Natasha.
Natasha is severely wounded.
Natasha claws you but does no damage.
You closely miss Natasha.
Natasha is severely wounded.
Natasha claws you!
You die...
Fedhas appreciates your contribution to the ecosystem.

########
#............#.
#...##.........
######...##.......#.
#........++.........
######...##.......#.
#...##.......#.
#######...##.........
......#...........##.
....@.#...........##.
.....h#...........##.
..............######.
.........#....# #.
.........#....# #.
........#....######.
....####...........
#....######. #....#
#....


You could see Natasha.

Vanquished Creatures
  Natasha (D:2)
  2 adders (D:2)
  A worm (D:2)
  3 dart slugs (D:1)
  5 orcs
  5 endoplasms
  A giant cockroach (D:1)
  3 goblins
  2 hobgoblins (D:1)
  A quokka (D:2)
  2 ball pythons (D:1)
  3 bats
  2 frilled lizards
  3 kobolds
  5 rats
39 creatures vanquished.

Notes
Turn   | Place    | Note
-------+----------+-------------------------------------------
     0 | D:1      | Jase the Kobold Enchanter began the quest for the Orb.
     0 | D:1      | Reached XP level 1. HP: 10/10 MP: 3/3
   374 | D:1      | Found Eka Ronn's Antique Armour Emporium.
   380 | D:1      | Reached XP level 2. HP: 15/15 MP: 5/5
   566 | D:1      | Reached XP level 3. HP: 19/19 MP: 6/6
   870 | D:1      | Reached skill level 5 in Stealth
  1013 | D:2      | Found a faded altar of an unknown god.
  1016 | D:2      | Prayed at the altar of an unknown god.
  1016 | D:2      | Became a worshipper of Fedhas Madash
  1016 | D:2      | Reached * piety under Fedhas
  1120 | D:2      | Noticed Natasha
  1124 | D:2      | Killed Natasha
  1125 | D:2      | Reached skill level 1 in Invocations
  1125 | D:2      | Reached XP level 4. HP: 24/24 MP: 7/7
  1993 | D:2      | Noticed Natasha
  2024 | D:2      | Slain by Natasha

Illustrated notes

Levels and vault maps discovered:
D:1:      wander_arrival_chamber, layout_loops_ring, serial_shops,
          nicolae_shop_crystal, chequers_serial_rivers_micro_d
D:2:      layout_basic, serial_glass, glass_columns_c, glass_columns_a,
          nicolae_ecumenical_pavilion, uniq_natasha

Skill      XL: |  1  2  3 |
---------------+----------+-----
Short Blades   | 2 3 |  3.8
Stealth        | 5 |  5.6
Invocations    | 1 |  1.6
Dodging        | |  2.4
Spellcasting   | |  2.1
Hexes          | |  3.0

Action                   |  1- 3 |  4- 6 || total
-------------------------+-------+-------++-------
Melee: Dagger            |    40 |       ||    40
       Short sword       |    10 |    36 ||    46
       Punch             |       |     2 ||     2
 Stab: Sleeping          |    16 |     6 ||    22
Armor: Robe              |     4 |     3 ||     7
Dodge: Dodged            |    30 |    17 ||    47
